Map: Lerilak Crest

Players

xKawaiian - Winner!

  • Race: Terran Terran
  • League: Master

Blinky

  • Race: Protoss Protoss
  • League: Master

VOD

Have the link to the VOD?

Description

Time

  • Played on: Jan. 13, 2016, 5:33 p.m.
  • Length: 15:51
Show
View Real Time Build Order
Export as new Build Order

xKawaiian Terran - Winner!

Build Orders: Reaper Expand, MMM Bio 

Get SALT Encoding   

  12  0:00  SCV  
  13  0:13  SCV  
  14  0:17  Supply Depot  
  14  0:25  SCV  
  15  0:38  SCV  
  15  0:40  Barracks  
  16  0:46  Refinery  
  16  0:51  SCV  
  17  1:03  SCV  
  18  1:15  SCV  
  19  1:28  Orbital Command  
  19  1:30  Reaper  
  20  1:39  Command Center  
  20  1:51  Supply Depot  
  20  1:53  SCV  
  21  2:02  Barracks Reactor  
  21  2:05  SCV  
  21  2:08  Barracks  
  22  2:16  Barracks  
  22  2:20  SCV  
  23  2:32  SCV  
  24  2:44  SCV  
  25  2:52  Marine x2  
  25  2:56  Orbital Command  
  25  2:57  Barracks Tech Lab  
  27  3:00  SCV  
  27  3:04  Marine  
  29  3:08  Factory  
  29  3:09  Marine  
  29  3:11  Refinery  
  30  3:12  Marine  
  30  3:15  Marine  
  30  3:17  SCV  
  30  3:18  Stimpack  
  33  3:22  Marine  
  33  3:23  SCV  
  35  3:27  Marine  
  35  3:29  SCV  
  35  3:30  Marine  
  35  3:33  Marine  
  39  3:35  SCV  
  39  3:40  Marine  
  39  3:41  SCV  
  42  3:43  Supply Depot  
  42  3:45  Marine  
  42  3:47  SCV  
  42  3:48  Marine  
  44  3:51  Marine  
  44  3:53  Starport, Factory Reactor  
  46  4:03  Supply Depot  
  46  4:04  SCV, Marine x2  
  46  4:07  SCV  
  50  4:16  Supply Depot, SCV, Marine x2  
  53  4:19  SCV  
  54  4:25  Marine  
  54  4:27  Supply Depot  
  54  4:28  SCV  
  54  4:31  SCV  
  57  4:38  Medivac x2  
  61  4:40  SCV  
  61  4:41  Marine  
  64  4:50  Command Center, Supply Depot  
  64  4:51  SCV  
  64  4:53  SCV  
  64  4:54  Barracks Tech Lab  
  65  5:03  SCV  
  65  5:05  Barracks  
  66  5:07  Barracks  
  66  5:09  SCV  
  66  5:13  Engineering Bay  
  67  5:15  SCV  
  67  5:18  Engineering Bay  
  67  5:19  Marine  
  67  5:20  Marauder  
  71  5:25  Medivac  
  71  5:26  Medivac  
  71  5:28  SCV  
  76  5:30  SCV  
  76  5:32  Refinery  
  76  5:35  Refinery  
  76  5:38  Factory Reactor  
  76  5:39  Marauder, Marine  
  79  5:44  SCV x2, Marine  
  79  5:49  Terran Infantry Weapons Level 1  
  82  5:50  Marine  
  82  5:53  Marine  
  82  5:55  Marine  
  82  5:56  SCV  
  86  6:02  SCV, Terran Infantry Armor Level 1  
  86  6:03  Supply Depot  
  87  6:06  Marine  
  87  6:08  SCV  
  89  6:11  Marine  
  89  6:13  Barracks Reactor, Barracks Tech Lab  
  89  6:14  SCV  
  89  6:16  Refinery, Marine  
  89  6:17  Marauder  
  94  6:20  SCV  
  94  6:24  Marine  
  95  6:29  Marine  
  95  6:31  Missile Turret  
  95  6:32  Marine  
  96  6:33  Missile Turret  
  96  6:37  SCV, Missile Turret  
  94  6:44  Marauder, Marine x2  
  90  7:01  SCV  
  88  7:06  SCV  
  89  7:13  SCV  
  89  7:15  Marauder, Marine  
  92  7:18  Medivac x2  
  92  7:20  Marauder, Marine  
  99  7:22  Marine  
  99  7:24  Command Center, SCV  
  99  7:25  SCV  
  102  7:36  Orbital Command  
  102  7:37  Marauder, Marine  
  102  7:38  Concussive Shells  
  102  7:41  Combat Shields  
  104  7:46  Marauder, Marine  
  104  7:49  SCV x2  
  109  7:55  Orbital Command  
  109  8:03  Supply Depot  
  109  8:16  Armory  
  109  8:17  Missile Turret  
  109  8:18  Bunker  
  109  8:20  Marine  
  109  8:22  Marine  
  109  8:24  Medivac, Marine x3  
  109  8:25  SCV  
  109  8:27  SCV  
  116  8:30  Marine  
  117  8:36  SCV, Marauder  
  117  8:37  Marine  
  117  8:38  SCV  
  117  8:40  Marine  
  124  8:43  Marauder  
  124  8:46  SCV  
  127  8:49  Marauder, Marine, Orbital Command  
  127  8:51  Marine  
  127  8:55  Marine  
  130  8:58  Marine  
  132  9:10  SCV  
  132  9:12  SCV  
  132  9:16  Marine  
  132  9:24  Supply Depot x2  
  132  9:25  Supply Depot x2  
  132  9:27  SCV, Marauder, Widow Mine x2  
  132  9:29  Terran Infantry Weapons Level 2, Medivac  
  132  9:30  Marauder  
  132  9:31  Terran Infantry Armor Level 2  
  143  9:33  SCV  
  143  9:36  Orbital Command  
  144  9:41  Marine  
  145  9:47  SCV  
  145  9:48  Refinery  
  145  9:49  Refinery  
  145  9:50  Marine  
  147  9:54  Missile Turret  
  147  9:55  Widow Mine x2  
  151  10:05  Bunker  
  151  10:06  Marauder, Marine  
  154  10:09  Marauder, Marine  
  154  10:10  Barracks  
  154  10:11  Marine  
  154  10:12  Barracks  
  154  10:13  Medivac  
  159  10:30  Marauder x2, Marine x3  
  159  10:31  Marauder  
  159  10:35  Marine  
  122  10:43  Medivac  
  122  10:47  Marine  
  122  10:49  Marine x2  
  101  10:52  Marauder x3  
  101  10:53  Marine  
  106  10:57  SCV x2  
  106  10:58  SCV  
  106  10:59  Barracks Reactor  
  106  11:00  Barracks Reactor, Medivac  
  109  11:05  Marine  
  109  11:07  Marine x2  
  109  11:10  Marine  
  112  11:11  SCV  
  112  11:12  SCV  
  112  11:13  SCV, Medivac, Marauder x3  
  112  11:16  Liberator  
  122  11:23  Supply Depot, Marine  
  122  11:24  Supply Depot, Marine  
  122  11:25  Marine  
  125  11:27  Ghost Academy  
  125  11:28  Widow Mine x2  
  125  11:29  Marine  
  130  11:34  Marauder, Marine  
  130  11:35  Terran Vehicle And Ship Armor Level 1  
  136  11:40  Marauder, Marine  
  136  11:41  Marine  
  136  11:45  Marine  
  141  11:49  Marine  
  141  11:50  Marine  
  145  11:55  Refinery x2  
  145  12:03  Marine  
  145  12:04  Terran Infantry Weapons Level 3, Terran Infantry Armor Level 3  
  145  12:05  Ghost  
  148  12:15  Command Center  
  146  12:16  SCV, Liberator  
  147  12:23  Marauder, Marine x5  
  147  12:24  Marauder  
  147  12:27  Personal Cloaking  
  147  12:29  Marine x2  
  158  12:34  Marine  
  158  12:35  Marine  
  163  12:38  SCV x2  
  163  12:39  SCV  
  166  12:45  Marauder  
  166  12:48  Marine  
  166  12:49  Marauder, Marine  
  166  12:50  Marine  
  172  12:53  Marauder  
  172  12:56  Liberator  
  174  13:00  Marine  
  174  13:01  Liberator  
  174  13:05  Ghost  
  175  13:07  Marine x2  
  175  13:08  Marine  
  175  13:10  Ghost  
  182  13:15  Marauder  
  188  13:35  Marauder  
  188  13:36  Marauder  
  188  13:38  Liberator  
  192  13:44  Liberator  
  192  13:47  Ghost, Marine  
  192  13:48  Widow Mine  
  171  13:56  Marauder  
  171  13:58  Marauder  
  171  14:01  Missile Turret  
  168  14:04  Planetary Fortress  
  168  14:05  SCV  
  167  14:12  Marine  
  167  14:16  Marauder  
  157  14:17  Marauder  
  136  14:25  Marauder, Marine  
  136  14:27  Liberator  
  130  14:31  Marine  
  130  14:33  Marine  
  130  14:37  Marauder  
  124  14:38  Medivac  
  124  14:39  Marauder  
  124  14:42  Starport x2  
  124  14:45  Marine x2  
  126  14:47  Marauder  
  126  14:48  Marine  
  131  14:54  Marine  
  131  14:59  Marauder  
  131  15:00  Marauder  
  131  15:01  Marine x2  
  131  15:05  Marine  
  136  15:08  Marauder  
  136  15:09  Marine  
  139  15:15  Marine x3  
  139  15:16  Marine  
  139  15:20  Marauder  
  139  15:21  Ghost  
  144  15:24  Marine  
  144  15:25  Marine  
  127  15:29  Marauder, Marine  
  127  15:33  Marine  
  127  15:42  Starport Reactor x2  
Show
View Real Time Build Order
Export as new Build Order

Blinky Protoss 

Build Orders: 1 Gate Expand, Blink Stalkers 

Get SALT Encoding   

  12  0:01  Probe (Chrono Boost)  
  13  0:11  Probe (Chrono Boost)  
  14  0:17  Pylon  
  14  0:22  Probe (Chrono Boost)  
  15  0:35  Probe (Chrono Boost)  
  16  0:37  Gateway  
  16  0:45  Assimilator  
  16  0:47  Probe (Chrono Boost)  
  17  1:00  Probe (Chrono Boost)  
  18  1:10  Probe (Chrono Boost)  
  19  1:25  Nexus  
  19  1:28  Probe (Chrono Boost)  
  20  1:38  Probe (Chrono Boost)  
  21  1:41  Cybernetics Core  
  21  1:47  Assimilator  
  21  1:50  Probe (Chrono Boost)  
  22  1:57  Pylon  
  23  2:01  Probe (Chrono Boost)  
  24  2:18  Mothership Core (Chrono Boost), Stalker, Warp Gate  
  27  2:36  Probe (Chrono Boost)  
  28  2:40  Twilight Council, Probe (Chrono Boost)  
  29  2:46  Probe (Chrono Boost)  
  29  2:51  Probe (Chrono Boost)  
  31  2:57  Probe (Chrono Boost)  
  32  2:59  Stalker  
  32  3:01  Probe (Chrono Boost)  
  35  3:07  Probe (Chrono Boost)  
  35  3:12  Probe (Chrono Boost)  
  37  3:18  Probe (Chrono Boost)  
  38  3:21  Blink (Chrono Boost)  
  38  3:22  Probe (Chrono Boost)  
  39  3:29  Stalker, Probe (Chrono Boost)  
  39  3:33  Probe (Chrono Boost), Pylon  
  43  3:41  Probe (Chrono Boost)  
  44  3:42  Robotics Facility  
  44  3:44  Probe (Chrono Boost)  
  44  3:47  Assimilator  
  45  3:50  Assimilator  
  45  3:51  Probe (Chrono Boost)  
  47  3:55  Probe (Chrono Boost)  
  47  4:02  Probe (Chrono Boost)  
  48  4:06  Probe (Chrono Boost)  
  49  4:12  Probe (Chrono Boost)  
  49  4:14  Pylon  
  49  4:16  Probe (Chrono Boost)  
  51  4:17  Gateway  
  51  4:18  Gateway  
  51  4:23  Probe (Chrono Boost)  
  52  4:24  Stalker  
  52  4:29  Pylon  
  52  4:30  Observer  
  54  4:32  Probe (Chrono Boost)  
  54  4:36  Dark Shrine  
  56  4:51  Stalker  
  58  4:54  Warp Prism  
  58  4:55  Nexus  
  60  5:13  Gateway  
  60  5:15  Gateway  
  60  5:17  Resonating Glaives (Chrono Boost)  
  60  5:18  Forge  
  60  5:21  Forge  
  60  5:26  Pylon  
  60  5:35  Probe  
  61  5:36  Sentry x3  
  67  5:45  Immortal  
  71  5:55  Protoss Ground Weapons Level 1 (Chrono Boost), Protoss Ground Armor Level 1 (Chrono Boost)  
  71  6:03  Gateway  
  71  6:04  Dark Templar x2  
  71  6:05  Gateway  
  71  6:10  Pylon  
  75  6:19  Probe  
  75  6:22  Probe  
  77  6:26  Pylon  
  77  6:27  Dark Templar  
  77  6:31  Dark Templar  
  79  6:37  Adept x2  
  79  6:39  Adept  
  85  6:40  Probe  
  85  6:45  Probe  
  83  6:55  Probe  
  84  7:01  Probe  
  84  7:02  Probe  
  86  7:09  Probe  
  86  7:10  Adept x5  
  86  7:12  Probe  
  86  7:14  Probe, Pylon  
  86  7:15  Assimilator  
  99  7:17  Immortal  
  99  7:18  Assimilator  
  99  7:22  Probe x2  
  104  7:26  Probe  
  104  7:34  Probe x2  
  106  7:41  Protoss Ground Armor Level 2 (Chrono Boost), Protoss Ground Weapons Level 2 (Chrono Boost)  
  106  7:46  Dark Templar  
  106  7:53  Templar Archives  
  106  7:54  Adept x2  
  106  7:56  Immortal, Adept  
  116  8:03  Pylon  
  116  8:05  Pylon  
  116  8:26  Adept x5  
  124  8:30  Charge (Chrono Boost)  
  124  8:34  High Templar x2  
  127  8:43  Gateway x2  
  127  8:47  Dark Templar, Pylon  
  125  9:16  Immortal  
  129  9:17  Zealot x6  
  141  9:24  Pylon  
  141  9:26  Pylon  
  141  9:30  Photon Cannon  
  141  9:33  Psionic Storm  
  141  9:39  Pylon x2  
  141  9:42  Probe  
  142  9:51  Pylon  
  142  9:52  High Templar x3  
  146  9:53  High Templar  
  146  9:54  Nexus  
  146  9:55  Zealot x3  
  146  9:57  Pylon  
  146  9:59  High Templar x2  
  160  10:04  Photon Cannon  
  160  10:07  Photon Cannon  
  160  10:18  Pylon  
  160  10:19  Gateway  
  160  10:20  Gateway  
  141  10:35  Zealot x5  
  141  10:41  Zealot x3  
  135  10:46  Protoss Ground Armor Level 3  
  135  10:48  Archon  
  135  10:49  Zealot  
  133  10:50  Protoss Ground Weapons Level 3  
  133  10:53  Probe  
  133  10:54  Probe  
  135  11:02  Probe  
  136  11:05  Mothership Core  
  136  11:06  Probe  
  136  11:10  Probe, Pylon  
  137  11:13  Assimilator  
  137  11:14  Probe  
  139  11:18  High Templar  
  139  11:19  High Templar  
  139  11:22  High Templar x2  
  147  11:26  Probe x2  
  147  11:27  Probe x2  
  151  11:36  Probe  
  151  11:39  Pylon  
  152  11:41  Probe x2  
  152  11:46  Pylon  
  152  11:56  Probe, Dark Shrine  
  152  12:00  Probe  
  153  12:05  Probe  
  153  12:06  Probe  
  153  12:07  Photon Cannon x2  
  155  12:16  Probe x2  
  155  12:17  Probe  
  155  12:19  High Templar x3  
  155  12:20  High Templar  
  166  12:25  Probe  
  166  12:28  Probe  
  168  12:34  Gateway x3  
  167  12:38  Stalker x2  
  167  12:39  Stalker x2  
  175  12:50  Zealot x2  
  147  12:59  Probe  
  147  13:03  Probe  
  149  13:09  Probe  
  148  13:18  Zealot x5  
  146  13:20  Nexus  
  146  13:21  Probe  
  127  13:45  Pylon  
  105  13:55  Zealot  
  105  13:56  Zealot  
  105  14:02  Archon  
  103  14:03  Zealot x4  
  91  14:18  Archon  
  91  14:19  Archon  
  83  14:25  Zealot x2  
  87  14:32  Probe  
  86  14:44  Probe, High Templar  
  86  14:45  High Templar x2  
Tags
 
Add a new tag
Caveats
  • Supply blocks, unpowered buildings, or Contaminate may cause inaccurate times.
  • Supply counts are checked every 10 seconds.